 Dungeon Crawl Stone Soup version 0.28.0-53-g5a82cb258f (webtiles) character file.

Game seed: 3668905073098004173

1358 MiltankisOP the Slicer (level 8, -1/73 HPs)
             Began as a Kobold Brigand on July 8, 2022.
             Was an Initiate of Dithmenos.
             Slain by a wyvern zombie (5 damage)
             ... on level 6 of the Dungeon.
             The game lasted 00:17:33 (6577 turns).

MiltankisOP the Slicer (Kobold Brigand)             Turns: 6577, Time: 00:17:35

Health: -1/73      AC: 24    Str:  8    XL:     8   Next: 95%
Magic:  8/8        EV:  3    Int: 13    God:    Dithmenos [......]
Gold:   245        SH:  0    Dex: 18    Spells: 7/7 levels left

rFire   . . .      SeeInvis +   d - +2 short sword (venom)
rCold   . . .      Faith    .   (no shield)
rNeg    . . .      Spirit   .   (armour currently unavailable)
rPois   +          Reflect  .   (helmet currently unavailable)
rElec   .          Harm     .   (cloak currently unavailable)
rCorr   .          Rampage  .   (gloves currently unavailable)
Will    .....      NoTele   +   (boots currently unavailable)
Stlth   +++++.....              (no amulet)
HPRegen 0.22/turn               k - ring of see invisible
MPRegen 0.11/turn               (no ring)

@: tree-form
A: stationary, stasis, torment immunity, boosted hp, small, no large weapons,
nightstalker 3
a: Renounce Religion


You were on level 6 of the Dungeon.
You worshipped Dithmenos.
Dithmenos was noncommittal.
You were a tree.
You visited 2 branches of the dungeon, and saw 7 of its levels.

You collected 245 gold pieces.

Inventory:

Hand Weapons
 a - a +2 dagger
 d - a +2 short sword of venom (weapon)
 v - a +2 dagger of speed
 y - a +0 short sword of electrocution
Missiles
 e - 11 poisoned darts (quivered)
 w - a curare-tipped dart
 z - 2 datura-tipped darts
Armour
 b - a +0 robe
 c - a +0 cloak (melded)
 m - a +1 pair of gloves (melded)
 B - a +1 robe of positive energy (melded)
Jewellery
 k - a ring of see invisible (left branch)
Wands
 t - a wand of iceblast (7)
 E - a wand of flame (15)
Scrolls
 f - a scroll of vulnerability {unknown}
 g - a scroll of silence {unknown}
 h - 2 scrolls of enchant armour {unknown}
 o - 3 scrolls of teleportation {unknown}
 x - a scroll of immolation {unknown}
 A - a scroll of identify
 C - a scroll of torment {unknown}
 D - a scroll of blinking {unknown}
Potions
 i - 2 potions of curing
 l - a potion of brilliance {unknown}
 n - a potion of haste
 p - 2 potions of attraction {unknown}
 q - 2 potions of degeneration {unknown}
 r - a potion of resistance {unknown}
 s - 2 potions of might
 u - a potion of magic {unknown}


   Skills:
 - Level 5.0 Fighting
 + Level 9.4 Short Blades
 - Level 2.1 Throwing
 + Level 6.5 Dodging
 - Level 7.0 Stealth


You had 7 spell levels left.
You didn't know any spells.
Your spell library contained the following spells:

 Spells                   Type           Power      Damage    Failure   Level
 Corpse Rot               Necr/Air       0%         N/A       43%         2
 Static Discharge         Conj/Air       0%         N/A       43%         2
 Dispel Undead            Necr           0%         3d6       97%         4
 Petrify                  Tmut/Erth      0%         N/A       97%         4
 Lightning Bolt           Conj/Air       0%         1d11      100%        5
 Metabolic Englaciation   Hex/Ice        0%         N/A       100%        5
 Death Channel            Necr           0%         N/A       100%        6
 Statue Form              Tmut/Erth      0%         N/A       100%        6
 Maxwell's Capacitive Co  Air            0%         ∞         100%        8


Dungeon Overview and Level Annotations

Branches:
Dungeon (6/15)             Temple (1/1) D:5

Altars:
Ashenzari
Cheibriados
Dithmenos
Elyvilon
Fedhas
Gozag
Hepliaklqana
Kikubaaqudgha
Makhleb
Nemelex Xobeh
Okawaru
Qazlal
Ru
Sif Muna
Trog
Uskayaw
Vehumet
Wu Jian
Xom
Yredelemnul
Zin
The Shining One

Shops:
D:4 **

Annotations:
D:3 1 runed translucent door, osoart's ghost, amateur GnFi


Innate Abilities, Weirdness & Mutations

You are a tree.
Your roots penetrate the ground, keeping you stationary.
You cannot be teleported.
You are immune to unholy pain and torment.
Your maximum health is greatly increased.
Your equipment is partially melded.
You are small and have problems with some larger weapons.
You are completely attuned to the shadows.


Message History

Aiming: Throw Flame
Press: ? - help, Q - select action, (/) - cycle Shift-Dir - straight line, f - wyvern zombie
Aim: a wyvern zombie (severely damaged, 89% to hit)
The puff of flame hits the wyvern zombie.
The wyvern zombie is severely damaged.
The wyvern zombie misses you.
Aiming: Throw Flame
Press: ? - help, Q - select action, (/) - cycle Shift-Dir - straight line, f/p - wyvern zombie
Aim: a wyvern zombie (severely damaged, 89% to hit)
The puff of flame hits the wyvern zombie.
The wyvern zombie is severely damaged.
The wyvern zombie barely misses you.
Aiming: Throw Flame
Press: ? - help, Q - select action, (/) - cycle Shift-Dir - straight line, f/p - wyvern zombie
Aim: a wyvern zombie (severely damaged, 89% to hit)
The puff of flame hits the wyvern zombie.
The wyvern zombie is almost destroyed.
The wyvern zombie completely misses you. x2
Aiming: Throw Flame
Press: ? - help, Q - select action, (/) - cycle Shift-Dir - straight line, f/p - wyvern zombie
Aim: a wyvern zombie (almost destroyed, 89% to hit)
The puff of flame hits the wyvern zombie.
The wyvern zombie is almost destroyed.
The wyvern zombie bites you!
* * * LOW HITPOINT WARNING * * *
You feel better. The wyvern zombie bites you.
* * * LOW HITPOINT WARNING * * *
Really quaff the potion of lignification?
You turn into a tree.
Your +0 cloak melds into your body.
Your +1 pair of gloves melds into your body.
Your +1 robe of positive energy melds into your body.
You feel less protected from negative energy.
Your roots penetrate the ground.
The wyvern zombie bites you but does no damage. x2
Aiming: Throw Flame
Press: ? - help, Q - select action, (/) - cycle Shift-Dir - straight line, f/p - wyvern zombie
Aim: a wyvern zombie (almost destroyed, 89% to hit)
The puff of flame misses the wyvern zombie.
The wyvern zombie bites you.
You die...

#.. #.# #.#
############.#
#..........#.#####
#.########..#.<... #.#
###.##### #.# #.# #♣#
#.# #####Z## #.#
####......#########.#
....................#
####.###.##.######..###
#.# #.##.#####......
#.###..........#.###
#..#####.#####...#
###...####.# #...#


You could see a wyvern zombie.

Vanquished Creatures
  Prince Ribbit (D:6)
  A necrophage (D:4)
  2 ogres
  A centaur (D:5)
  A phantom (D:4)
  A kobold brigand (D:4)
  2 scorpions (D:5)
  2 howler monkeys
  A jelly (D:4)
  4 hounds
  3 bullfrog skeletons (D:5)
  An iguana (D:5)
  A human skeleton (D:3)
  Robin (D:2)
  4 gnolls (D:5)
  5 adders
  2 dart slugs
  A worm (D:4)
  3 orcs
  8 ball pythons
  6 bats
  7 endoplasms
  6 giant cockroaches
  17 goblins
  7 hobgoblins
  12 jackals (D:2)
  6 quokkas
  4 frilled lizards
  23 kobolds
  9 rats
142 creatures vanquished.

Vanquished Creatures (others)
  A goblin (D:3)
  43 plants (D:4)
44 creatures vanquished.

Grand Total: 186 creatures vanquished

Notes
Turn   | Place    | Note
-------+----------+-------------------------------------------
     0 | D:1      | MiltankisOP the Kobold Brigand began the quest for the Orb.
     0 | D:1      | Reached XP level 1. HP: 12/12 MP: 1/1
   131 | D:1      | Reached XP level 2. HP: 17/17 MP: 2/2
   327 | D:1      | Reached skill level 3 in Short Blades
   394 | D:1      | Reached XP level 3. HP: 22/22 MP: 3/3
  1307 | D:2      | Reached XP level 4. HP: 16/27 MP: 4/4
  1566 | D:2      | You fall into a shaft and drop 1 floor!
  2013 | D:2      | Noticed Robin
  2033 | D:2      | Killed Robin
  2106 | D:2      | Reached XP level 5. HP: 29/32 MP: 5/5
  2243 | D:3      | Found a faded altar of an unknown god.
  2268 | D:3      | Reached skill level 4 in Short Blades
  2811 | D:3      | Found a runed translucent door.
  2811 | D:3      | Noticed a human
  2836 | D:3      | Found a basalt altar of Yredelemnul.
  2979 | D:3      | Found a runed translucent door.
  3063 | D:3      | Noticed osoart's ghost (amateur GnFi)
  3554 | D:4      | Reached XP level 6. HP: 37/38 MP: 6/6
  3625 | D:4      | Reached skill level 5 in Short Blades
  3822 | D:4      | Noticed an ogre
  3825 | D:4      | Killed an ogre
  3826 | D:4      | Reached skill level 5 in Fighting
  3826 | D:4      | Reached skill level 6 in Short Blades
  3826 | D:4      | Reached XP level 7. HP: 19/44 MP: 7/7
  4732 | D:4      | Found Ulasowia's Specific Store.
  4732 | D:4      | Found Qiatufaz's General Store.
  4945 | D:4      | Reached skill level 7 in Short Blades
  5248 | D:5      | Entered Level 5 of the Dungeon
  5307 | D:5      | Reached XP level 8. HP: 49/49 MP: 8/8
  5422 | D:5      | Reached skill level 8 in Short Blades
  5514 | D:5      | Reached skill level 5 in Dodging
  5871 | D:5      | Found a staircase to the Ecumenical Temple.
  5969 | Temple   | Entered the Ecumenical Temple
  6233 | Temple   | Became a worshipper of Dithmenos the Shadowed
  6402 | D:6      | Noticed Prince Ribbit
  6413 | D:6      | Killed Prince Ribbit
  6414 | D:6      | Reached skill level 9 in Short Blades
  6574 | D:6      | HP: 1/49 [wyvern zombie (10)]
  6577 | D:6      | Slain by a wyvern zombie

Illustrated notes

Levels and vault maps discovered:
D:1:      noname_arrival_rooms_in_the_neighbourhood, layout_loops_ring,
          chequers_serial_rivers_large_b, chequers_serial_rivers_micro_e
D:2:      layout_loops_cross, uniq_robin
D:3:      layout_rooms, dk_yredelemnul_ordeal, ebering_ghost_sewer_d,
          dreamdust_ecumenical_altar_angels_and_demons
D:4:      kennysheep_kobold_camp, layout_basic, nicolae_specific_store,
          kennysheep_generic_room_13
D:5:      layout_loops_cross, temple_fountains
D:6:      layout_loops_ring, serial_shops, nicolae_shop_window_shopping,
          serial_bayou_pond_a, kennysheep_generic_room_14, uniq_edmund,
          uniq_sigmund, uniq_duvessa, uniq_prince_ribbit1
Temple:   mainiacjoe_temple_archimedes_tessellation

Skill      XL: |  1  2  3  4  5  6  7  8 |
---------------+-------------------------+-----
Stealth        | 6 7 |  7.0
Short Blades   | 3 4 6 7 9 |  9.4
Fighting       | 3 4 5 |  5.0
Dodging        | 4 6 |  6.5
Throwing       | |  2.1

Action                   |  1- 3 |  4- 6 |  7- 9 || total
-------------------------+-------+-------+-------++-------
Melee: Dagger            |    94 |   241 |    96 ||   431
       Punch             |     2 |     3 |     3 ||     8
       Short sword       |       |       |    84 ||    84
Throw: Dart              |       |     8 |    14 ||    22
Evoke: Wand              |       |     4 |     6 ||    10
  Use: Scroll            |       |     4 |       ||     4
       Potion            |       |     1 |     2 ||     3
 Stab: Sleeping          |    21 |    19 |    17 ||    57
       Distracted        |       |       |     2 ||     2
Armor: Robe              |    10 |    37 |    19 ||    66
       Skin              |       |    13 |     2 ||    15
Dodge: Dodged            |    55 |   115 |    82 ||   252
